 Dungeon Crawl Stone Soup version 0.21-a0-104-g7b58145 (webtiles) character file.

28 Duffy the Chopper (level 3, -2/32 HPs)
             Began as a Naga Gladiator on July 5, 2017.
             Slain by Sigmund
             ... wielding a +0 scythe
              (9 damage)
             ... on level 2 of the Dungeon.
             The game lasted 00:00:39 (1048 turns).

Duffy the Chopper (Naga Gladiator)                  Turns: 1048, Time: 00:00:40

Health: -2/32      AC:  3    Str: 17    XL:     3   Next: 12%
Magic:  3/3        EV: 10    Int:  8    God:
Gold:   44         SH:  0    Dex: 12    Spells: 2/2 levels left

rFire    . . .     SeeInvis +   a - +0 war axe
rCold    . . .     Gourm    .   (no shield)
rNeg     . . .     Faith    .   b - +0 leather armour
rPois    +         Spirit   .   c - +0 helmet
rElec    .         Reflect  .   (no cloak)
rCorr    .         Harm     .   (no gloves)
MR       .....                  (no barding)
Stlth    +.........             (no amulet)
HPRegen  0.10/turn              (no ring)
MPRegen  0.08/turn              (no ring)

@: very slow
A: see invisible, deformed body, poison resistance, slowness 2, slow metabolism
1, spit poison 1, AC +1
a: Spit Poison


You were on level 2 of the Dungeon.
You were not hungry.

You visited 1 branch of the dungeon, and saw 2 of its levels.

You collected 44 gold pieces.

Inventory:

Hand Weapons
 a - a +0 war axe (weapon)
Missiles
 d - 3 throwing nets (quivered)
Armour
 b - a +0 leather armour (worn)
 c - a +0 helmet (worn)
Scrolls
 e - a scroll of teleportation {unknown}
 h - a scroll of fear {unknown}
Potions
 i - a potion of curing {unknown}
 j - a potion of cancellation {unknown}
 l - a potion of mutation {unknown}
Comestibles
 f - a bread ration
 g - 4 fruits
 k - 2 chunks of flesh


   Skills:
 - Level 2.0 Fighting
 + Level 4.2 Axes
 - Level 1.7 Throwing
 - Level 2.4 Dodging


You had 2 spell levels left.
You didn't know any spells.

Dungeon Overview and Level Annotations

Branches:
Dungeon (2/15)

Altars:
Nemelex Xobeh

Annotations:
D:2 Sigmund


Innate Abilities, Weirdness & Mutations

You cannot wear boots.
Your serpentine skin is tough. (AC +1)
You have supernaturally acute eyesight. (SInv)
Armour fits poorly on your strangely shaped body.
Your system is resistant to poisons. (rPois)
You cover ground very slowly.
You have a slow metabolism.
You can spit poison.


Message History

You are too injured to fight recklessly!
You are too injured to fight recklessly!
You are too injured to fight recklessly!
You are too injured to fight recklessly!
You are too injured to fight recklessly!
You are too injured to fight recklessly!
You are too injured to fight recklessly!
You are too injured to fight recklessly!
You are too injured to fight recklessly!
You are too injured to fight recklessly!
You are too injured to fight recklessly!
You are too injured to fight recklessly!
You are too injured to fight recklessly!
You are too injured to fight recklessly!
You are too injured to fight recklessly!
You are too injured to fight recklessly!
You are too injured to fight recklessly!
The gnoll hits you with a mace!
Sigmund hits you from afar with a scythe!
You die...

#####....##..}.}#
...............#
##.....##..(#####
#......)#)..##...
##.#####..)..##...
#..# ###....#...
#.## #.(.).<#. #
#.# #.....#..
#.##@# #........
#.@g.# ##....###
#...#### #..###
....# ######....#
..# #.......#.# .
#.####.##.# ##.# #
#<.# #....#


You could see Sigmund and a gnoll.

Vanquished Creatures
  An ooze (D:2)
  A leopard gecko (D:1)
  A ball python (D:2)
  2 giant cockroaches (D:1)
  5 goblins
  2 hobgoblins (D:2)
  2 kobolds (D:2)
  7 rats
21 creatures vanquished.

Notes
Turn   | Place    | Note
-------+----------+-------------------------------------------
     0 | D:1      | Duffy the Naga Gladiator began the quest for the Orb.
     0 | D:1      | Reached XP level 1. HP: 19/19 MP: 1/1
   504 | D:1      | Reached XP level 2. HP: 26/26 MP: 2/2
   848 | D:2      | Found a sparkling altar of Nemelex Xobeh.
   855 | D:2      | Reached skill level 4 in Axes
   855 | D:2      | Reached XP level 3. HP: 24/32 MP: 3/3
  1044 | D:2      | Noticed Sigmund
  1048 | D:2      | Slain by Sigmund

Vault maps used:
D:1:      dpeg_arrival_more_subterranean_lakeside_camping
D:2:      nemelex_xobeh_ov_fountains_minmay, first_bread,
          kennysheep_big_empty_room, uniq_crazy_yiuf_cottage, uniq_sigmund

Skill      XL: |  1  2 |
---------------+-------+-----
Axes           | 4 |  4.2
Fighting       | |  2.0
Throwing       | |  1.7
Dodging        | |  2.4

Action                   || total
-------------------------++-------
Melee: War axe           ||    50
Armor: Leather armour    ||    14
Dodge: Dodged            ||    27
